 Dungeon Crawl Stone Soup version 0.30-a0-718-geaa24f58ff (webtiles) character file.

Game seed: 8590142011017797750

730 Darius099 the Ruffian (level 7, -4/63 (67) HPs)
             Began as a Troll Monk on Jan 25, 2023.
             Slain by a wight
             ... wielding a +4 great sword of freezing
              (15 damage)
             ... on level 6 of the Dungeon.
             The game lasted 00:08:40 (2926 turns).

Darius099 the Ruffian (Troll Monk)                  Turns: 2926, Time: 00:08:40

HP:   -4/63 (67)    AC:  4    Str: 20    XL:     7   Next: 44%
MP:   6/6           EV: 11    Int:  6    God:
Gold: 218           SH:  0    Dex: 14    Spells: 6/6 levels left

rFire   . . .      SeeInvis +      - Unarmed
rCold   . . .      Faith    .    (no shield)
rNeg    . . .      Spirit   .    a - +0 robe
rPois   .          Reflect  .    (helmet restricted)
rElec   .          Harm     .    (no cloak)
rCorr   .          Rampage  .    (gloves unavailable)
Will    .....                    (boots unavailable)
Stlth   +++                      (no amulet)
HPRegen 1.10/turn                l - ring "Ijiss" {SInv Stlth+}
MPRegen 0.10/turn                (no ring)

@: drained
A: large, unfitting armour, claws 3, regeneration 1, shaggy fur 1, tough skin 1
a: no special abilities


You were on level 6 of the Dungeon.
You visited 1 branch of the dungeon, and saw 6 of its levels.
You also visited: Ossuary.

You collected 218 gold pieces.

Inventory:

Missiles
 m - a throwing net (quivered)
Armour
 a - a +0 robe (worn)
Jewellery
 l - the ring "Ijiss" (left claw) {SInv Stlth+}
   (You found it on level 2 of the Dungeon)

   [ring of see invisible]

   SInv:      It lets you see invisible.
   Stlth:     It makes you more stealthy.
Wands
 o - a wand of flame (15)
 s - a wand of acid (5)
 y - a wand of digging (3)
Scrolls
 c - 7 scrolls of identify {unknown}
 d - a scroll of enchant armour {unknown}
 e - 4 scrolls of amnesia {unknown}
 f - a scroll of torment {unknown}
 i - a scroll of noise {unknown}
 n - 3 scrolls of teleportation {unknown}
 p - 3 scrolls of enchant weapon {unknown}
 q - 2 scrolls of fog {unknown}
 t - a scroll of fear {unknown}
 v - a scroll of blinking {unknown}
Potions
 b - a potion of ambrosia
 g - 2 potions of curing {unknown}
 h - 3 potions of attraction {unknown}
 j - 2 potions of degeneration {unknown}
 k - 3 potions of lignification {unknown}
 r - a potion of magic {unknown}
 u - 2 potions of invisibility {unknown}
 w - a potion of mutation {unknown}
 x - a potion of brilliance {unknown}
 z - a potion of heal wounds {unknown}


   Skills:
 - Level 3.5 Fighting
 - Level 3.5 Dodging
 - Level 2.0 Stealth
 + Level 7.0 Unarmed Combat


You had 6 spell levels left.
You didn't know any spells.
Your spell library contained the following spells:

 Spells                   Type           Power      Damage    Failure   Level
 Ensorcelled Hibernation  Hex/Ice        0%         N/A       58%         2
 Call Canine Familiar     Summ           0%         N/A       83%         3
 Ozocubu's Armour         Ice            0%         N/A       83%         3
 Portal Projectile        Hex/Tloc       0%         N/A       83%         3
 Spider Form              Tmut/Pois      0%         N/A       83%         3
 Stone Arrow              Conj/Erth      0%         3d7       83%         3
 Anguish                  Hex/Necr       0%         N/A       99%         4
 Animate Armour           Summ/Erth      0%         N/A       99%         4
 Leda's Liquefaction      Hex/Erth       0%         N/A       99%         4
 Metabolic Englaciation   Hex/Ice        0%         N/A       100%        5
 Simulacrum               Ice/Necr       0%         N/A       100%        6
 Lehudib's Crystal Spear  Conj/Erth      0%         10d2      100%        8


Dungeon Overview and Level Annotations

Branches:
Dungeon (7/15)            Ossuary (visited)
 Temple: D:4-7

Altars:
Cheibriados
Nemelex Xobeh
Ru
Vehumet


Innate Abilities, Weirdness & Mutations

You are too large for most types of armour.
You have claws for hands.
Your natural rate of healing is unusually fast.
You are covered in fur. (AC +1)
You have tough skin. (AC +1)


Message History

Done exploring.
There is a gate leading back out of this place here.
Welcome back to the Dungeon!
There is a collapsed entrance here.
You can't go down here!
There is an open door here.
There is a stone staircase leading down here.
You climb downwards.
There is a stone staircase leading up here. 4 wights come into view.
A wight is wielding a +4 great sword of freezing.
A wight is wielding a +3 morningstar of freezing.
A hound comes into view.
Found an ichor-stained dagger and 25 gold pieces.
A wight comes into view. It is wielding a +3 dagger.
There is a stone staircase leading up here.
You scratch the wight.
The wight is lightly damaged.
The wight hits you with a +4 great sword of freezing!!
The wight freezes you.
You claw the wight!
The wight is severely damaged.
The wight hits you with a +4 great sword of freezing!!
You feel drained.
* * * LOW HITPOINT WARNING * * *
The wight freezes you.
* * * LOW HITPOINT WARNING * * *
You are too injured to fight recklessly!
You are too injured to fight recklessly!
You are too injured to fight recklessly!
The wight hits you with a +4 great sword of freezing.
* * * LOW HITPOINT WARNING * * *
You feel drained.
* * * LOW HITPOINT WARNING * * *
The wight freezes you.
* * * LOW HITPOINT WARNING * * *
You climb upwards.
There is a stone staircase leading down here.
The wight attacks as you move away!
The wight hits you with a +4 great sword of freezing!
You die...

#...........#...
#...........##'#
#...............
#...............
#############......##......
#....##............########
###.##.##............#.......
#....#.##....z...............
####.#......@................
#...............######.......
########........# #.......
#######........# #.......
#..#[..........# #.......
##..#.###.......# #.......
#<..#.#.........# #.......
##.##.#.......### #.......
#.##.#.......# ########


You could see a wight.

Vanquished Creatures
  A black bear (D:4)
  A bullfrog (D:6)
  A scorpion (D:6)
  2 centaur zombies (Ossuary)
  A jelly (D:6)
  2 orc priests (D:3)
  An iguana (D:6)
  3 ogre zombies (Ossuary)
  7 mummies (Ossuary)
  A gnoll (D:1)
  5 adders
  A white imp (D:6)
  An ufetubus (D:6)
  6 adder zombies (Ossuary)
  4 worms
  A dart slug (D:2)
  3 orcs (D:3)
  6 ball pythons
  3 endoplasms (D:1)
  3 giant cockroaches
  A gnoll zombie (Ossuary)
  5 hobgoblins
  3 jackals (D:1)
  10 kobolds
  5 quokkas
  7 bats
  3 frilled lizards
  6 goblins
  3 goblin zombies (Ossuary)
  3 hobgoblin zombies (Ossuary)
  4 kobold zombies (Ossuary)
  3 quokka zombies (Ossuary)
  9 rats
  5 rat zombies (Ossuary)
120 creatures vanquished.

Notes
Turn   | Place    | Note
-------+----------+-------------------------------------------
     0 | D:1      | Darius099 the Troll Monk began the quest for the Orb.
     0 | D:1      | Reached XP level 1. HP: 22/22 MP: 0/0
   127 | D:1      | Reached XP level 2. HP: 23/29 MP: 1/1
   223 | D:1      | Reached XP level 3. HP: 36/36 MP: 2/2
   491 | D:2      | Found a faded altar of an unknown god.
   695 | D:2      | Identified the ring "Ijiss" {SInv Stlth+}
  1059 | D:3      | Found a radiant altar of Vehumet.
  1154 | D:3      | Reached XP level 4. HP: 44/44 MP: 3/3
  1601 | D:3      | Reached XP level 5. HP: 41/53 MP: 4/4
  1937 | D:4      | Noticed a black bear
  1944 | D:4      | Killed a black bear
  1945 | D:4      | Reached skill level 4 in Unarmed Combat
  1945 | D:4      | Reached XP level 6. HP: 53/61 MP: 5/5
  1985 | D:4      | Found a sacrificial altar of Ru.
  2001 | D:4      | You fall into a shaft and drop 2 floors!
  2003 | D:6      | Found a sand-covered staircase.
  2017 | D:6      | Identified the +6 scale mail of the Unstoppable Souls
                  | {Will+++ MP+9 Dex-5}
  2117 | D:6      | Found a snail-covered altar of Cheibriados.
  2197 | D:6      | Reached skill level 5 in Unarmed Combat
  2280 | D:6      | Found a sparkling altar of Nemelex Xobeh.
  2447 | Ossuary  | Entered an ossuary
  2528 | Ossuary  | Reached XP level 7. HP: 65/67 MP: 6/6
  2540 | Ossuary  | Reached skill level 6 in Unarmed Combat
  2847 | Ossuary  | Reached skill level 7 in Unarmed Combat
  2926 | D:6      | Slain by a wight

Illustrated notes

Levels and vault maps discovered:
D:1:      dpeg_arrival_ternary, layout_rooms, feat_on_display
D:2:      layout_basic, hellmonk_ecumenical_altar_blasted,
          chequers_serial_rivers_room_b
D:3:      layout_basic, vehumet_altar_wand_db, kennysheep_generic_room_2
D:4:      layout_loops_ring, okawaru_metal_pillars_1_2, general_overflow_altar,
          mainiacjoe_overflow_large_starburst, minmay_temple_entry_large_hall,
          grunt_ministairs_5
D:6:      layout_basic, nemelex_diamond_rough_becter, cheibriados_altar_1,
          enter_ossuary_2
D:7:      layout_rooms, kennysheep_pointless_box, centaur_isle, uniq_pikel,
          uniq_maggie

Skill      XL: |  1  2  3  4  5  6  7 |
---------------+----------------------+-----
Dodging        | 3 |  3.5
Fighting       | 3 |  3.5
Stealth        | 2 |  2.0
Unarmed Combat | 4 5 7 |  7.0

Action                     |  1- 3 |  4- 6 |  7- 9 || total
---------------------------+-------+-------+-------++-------
  Melee: Unarmed           |   111 |   143 |   103 ||   357
         Punch             |     4 |     5 |     2 ||    11
   Stab: Sleeping          |     5 |    11 |    14 ||    30
 Armour: Robe              |    39 |    49 |    12 ||   100
  Dodge: Dodged            |    56 |    62 |    40 ||   158

Table legend: (Time is in decaauts)
 A = Elapsed time spent in this place.
 B = Non-inter-level travel time spent in this place.
 C = Inter-level travel time spent in this place.
 D = Time resting spent in this place.
 E = Time spent auto-exploring this place.
 F = Levels seen in this place.
 G = Mean time per level.
                   A        B        C        D        E       F      G
               +--------+--------+--------+--------+--------+-----+--------+
         Total |   2893 |   2820 |     73 |     33 |   1544 |   7 |  413.3 |
       Dungeon |   2460 |   2387 |     73 |     33 |   1394 |   6 |  410.0 |
       Ossuary |    433 |    433 |      0 |      0 |    150 |   1 |  433.0 |
               +--------+--------+--------+--------+--------+-----+--------+

Top non-repeatable levels by time:
     D:3: 945 daAuts
     D:2: 549 daAuts
     D:6: 455 daAuts
 Ossuary: 433 daAuts
     D:1: 430 daAuts
     D:4: 62 daAuts
     D:7: 18 daAuts
